Map: King's Cove LE

Players

Mez

  • Race: Terran Terran
  • League: Master
  • Spawn Location: 11:00

TheBeast - Winner!

  • Race: Zerg Zerg
  • League: Master
  • Spawn Location: 5:00

VOD

Have the link to the VOD?

Description

Time

  • Played on: Aug. 6, 2019, 9:51 a.m.
  • Length: 45:34
Show
View Real Time Build Order
Export as new Build Order

Mez Terran 

Build Orders: Liberator Opening, Reaper Expand 

Get SALT Encoding   

  12  0:00  SCV  
  13  0:12  SCV  
  14  0:18  Supply Depot  
  14  0:24  SCV  
  15  0:39  SCV  
  15  0:40  Barracks  
  16  0:45  Refinery  
  16  0:52  SCV  
  17  1:04  SCV  
  18  1:16  SCV  
  19  1:28  Reaper  
  19  1:29  Orbital Command  
  20  1:43  Command Center  
  20  1:52  Supply Depot  
  20  1:54  SCV  
  21  2:03  Marine  
  22  2:09  SCV  
  22  2:15  Factory  
  23  2:20  Refinery  
  23  2:25  Barracks Reactor  
  23  2:27  SCV  
  24  2:43  SCV  
  25  2:55  SCV  
  26  3:02  Starport  
  26  3:05  Engineering Bay  
  26  3:07  Orbital Command  
  26  3:08  SCV  
  26  3:10  Barracks Tech Lab  
  26  3:25  Liberator  
  26  3:32  Hellion x2  
  26  3:34  SCV x2  
  34  3:49  SCV  
  34  3:50  SCV  
  34  3:51  Supply Depot  
  34  3:53  Stimpack, Marine  
  34  3:54  Hellion  
  34  3:55  Hellion  
  41  4:01  SCV  
  41  4:02  SCV  
  43  4:09  Liberator  
  43  4:13  SCV  
  43  4:14  SCV  
  43  4:16  Hellion x2  
  49  4:17  Supply Depot  
  49  4:25  SCV  
  49  4:26  SCV  
  54  4:39  SCV x2  
  54  4:45  Command Center  
  56  4:51  SCV, Supply Depot  
  57  5:01  Hellion x2, SCV  
  62  5:12  Starport Reactor, SCV  
  62  5:13  Barracks  
  63  5:16  Barracks  
  63  5:17  SCV  
  64  5:23  Engineering Bay  
  64  5:24  Engineering Bay, Refinery  
  64  5:25  Refinery, SCV  
  65  5:30  SCV  
  66  5:37  SCV, Factory Tech Lab  
  66  5:41  Supply Depot  
  66  5:42  SCV  
  68  5:49  SCV  
  69  6:04  SCV x2  
  71  6:16  SCV x2  
  71  6:17  Orbital Command  
  66  6:29  Marine  
  66  6:31  Siege Tank  
  62  6:33  Combat Shield  
  55  6:40  Starport Reactor  
  55  6:42  Terran Infantry Armor Level 1, Terran Infantry Weapons Level 1  
  55  6:43  Marine x4, Barracks  
  55  6:44  Barracks  
  55  6:46  Orbital Command  
  59  6:55  SCV x2, Marine, Supply Depot  
  59  6:57  Supply Depot  
  59  7:00  Marine  
  59  7:01  Marine x2  
  65  7:03  Siege Tank  
  65  7:04  Supply Depot  
  65  7:07  SCV  
  69  7:09  SCV  
  69  7:14  SCV  
  71  7:19  SCV  
  71  7:21  SCV, Marine  
  71  7:22  Marine x4, Supply Depot  
  78  7:24  Medivac x2  
  78  7:28  SCV, Armory  
  83  7:32  Supply Depot  
  83  7:34  SCV x2  
  83  7:35  Barracks Reactor x2, Supply Depot  
  85  7:38  Siege Tank  
  85  7:39  Marine  
  85  7:40  Marine  
  85  7:43  Factory  
  90  7:46  Marine x3  
  90  7:49  SCV x3, Supply Depot  
  96  7:57  Marine x2  
  98  8:03  Marine  
  99  8:06  Marine x2  
  99  8:07  Command Center  
  99  8:10  Medivac x2  
  99  8:11  SCV x2  
  107  8:14  Refinery  
  107  8:15  Refinery, Marine x2  
  107  8:17  Supply Depot  
  109  8:21  Marine  
  109  8:23  Marine, Barracks  
  109  8:24  Terran Vehicle Weapons Level 1, Barracks  
  111  8:28  Barracks  
  108  8:34  Marine x6  
  108  8:35  Siege Tank, Marine  
  108  8:36  Factory Tech Lab  
  108  8:39  Marine  
  119  8:41  Marine  
  119  8:45  Terran Infantry Armor Level 2, Terran Infantry Weapons Level 2  
  120  8:52  Marine  
  121  8:57  Marine x7  
  121  8:58  Siege Tank  
  121  8:59  Marine  
  132  9:10  Marine  
  132  9:14  Siege Tank, Marine, Medivac x2  
  132  9:15  Marine x3  
  144  9:17  Supply Depot  
  144  9:30  Marine x5  
  149  9:32  Marine  
  149  9:33  Marine x3, Barracks Tech Lab  
  149  9:34  Barracks Reactor, Barracks Tech Lab  
  153  9:39  Supply Depot  
  153  9:47  Marine  
  153  9:48  Marine x4  
  153  9:49  Siege Tank x2  
  153  9:50  Marine  
  164  10:00  Marine x5  
  164  10:05  Marine, Medivac x2  
  164  10:06  Marine x3  
  177  10:08  Supply Depot  
  177  10:22  Marine x5  
  177  10:23  Marine  
  177  10:25  Marauder x2  
  173  10:43  Planetary Fortress  
  173  10:44  SCV x3  
  173  10:46  Siege Tank  
  173  10:47  Siege Tank, Marine x11  
  193  10:56  SCV x2  
  166  11:08  Marine x13  
  161  11:19  Siege Tank  
  155  11:25  Marine  
  155  11:26  Siege Tank, Marine x3  
  155  11:27  SCV x3  
  155  11:31  Command Center  
  164  11:37  Marine x9  
  170  11:43  Refinery  
  170  11:46  Refinery  
  170  11:48  Marine x2  
  170  11:49  Marine  
  170  11:51  Siege Tank  
  170  11:52  Terran Infantry Weapons Level 3  
  176  11:56  Marauder  
  178  12:05  Starport  
  178  12:06  Liberator x2  
  178  12:07  Fusion Core  
  178  12:08  SCV x3  
  178  12:09  Starport  
  181  12:20  Sensor Tower, SCV  
  182  12:24  Marine, Marauder  
  182  12:25  Marauder x2  
  195  12:37  Concussive Shells  
  195  12:38  Terran Infantry Armor Level 3  
  195  12:51  Liberator x2  
  195  12:59  Siege Tank  
  176  13:09  Starport Reactor, Starport Tech Lab  
  176  13:15  Marine x3  
  176  13:16  Marauder x2  
  181  13:26  Marine x3  
  181  13:27  Marine x2, Marauder  
  185  13:29  Medivac  
  167  13:37  Marine x5, Marauder x2  
  124  13:44  Marine  
  124  13:45  Siege Tank x2  
  130  13:48  Marauder  
  130  13:51  Marine x2, Medivac x2  
  130  13:52  Marine x2  
  130  13:55  Marine x5  
  139  13:58  Marauder, Medivac  
  139  13:59  Marauder  
  139  14:02  Marine  
  134  14:09  Marine x5  
  130  14:12  Marine  
  130  14:13  Marine x4  
  118  14:19  Marine x3  
  118  14:21  Medivac  
  116  14:27  Marine x5  
  116  14:30  Marine  
  116  14:31  Marine  
  110  14:32  Marine x3  
  110  14:35  Medivac  
  110  14:37  Marine x3  
  110  14:42  Orbital Command  
  110  14:45  Marine  
  98  14:47  SCV x2  
  101  14:56  Planetary Fortress  
  101  14:59  SCV x2  
  102  15:00  Siege Tank  
  102  15:04  Siege Tank  
  105  15:13  SCV x3  
  108  15:25  SCV x3  
  108  15:26  Marine x7  
  118  15:34  SCV  
  119  15:37  SCV, Marine x6  
  119  15:38  Siege Tank  
  129  15:43  Marine  
  129  15:44  Marine x2  
  132  15:52  Liberator  
  132  15:53  Liberator x4  
  132  16:00  SCV x4  
  136  16:07  Marine x5  
  136  16:08  Marine x7  
  163  16:12  SCV x4  
  144  16:19  Marine  
  144  16:25  Marine x3  
  148  16:35  Marine x7  
  148  16:36  Marauder x2  
  148  16:37  Siege Tank x2, Marauder  
  153  16:56  Viking x5  
  163  17:07  Command Center  
  163  17:10  Ghost Academy  
  163  17:24  Thor x2  
  175  17:40  Viking x5, Sensor Tower  
  185  17:48  Sensor Tower  
  185  17:50  Supply Depot  
  185  17:53  Ghost  
  185  17:54  Supply Depot  
  185  17:55  Supply Depot  
  187  18:03  Refinery  
  187  18:09  Command Center  
  187  18:15  Missile Turret  
  187  18:16  Missile Turret  
  187  18:17  Missile Turret  
  187  18:18  Missile Turret  
  187  18:19  Missile Turret  
  187  18:23  Missile Turret  
  187  18:34  Ghost  
  187  18:35  Ghost x2  
  193  18:42  Orbital Command  
  193  18:45  Refinery  
  193  18:46  Refinery  
  193  19:01  Neosteel Armor  
  193  19:02  Hi-Sec Auto Tracking  
  193  19:03  Ghost, Terran Ship Weapons Level 1  
  193  19:07  Armory  
  194  19:27  Ghost  
  194  19:28  Ghost  
  198  19:31  Ghost  
  198  19:32  Weapon Refit  
  198  19:35  Orbital Command  
  200  19:53  Command Center  
  200  19:59  Orbital Command  
  200  20:10  Missile Turret  
  197  20:23  Medivac x3  
  197  20:25  Missile Turret  
  197  20:26  Command Center  
  197  20:27  Ghost x3  
  197  20:28  Personal Cloaking  
  199  20:30  Missile Turret x3  
  199  20:31  Missile Turret  
  199  20:32  Factory  
  199  20:34  Ghost Academy  
  199  20:35  Ghost Academy  
  199  20:37  Ghost Academy  
  199  20:38  Ghost Academy  
  199  21:24  Command Center  
  199  21:25  Command Center  
  199  21:31  Sensor Tower  
  199  21:35  Terran Vehicle And Ship Armor Level 1  
  199  21:36  Terran Ship Weapons Level 2  
  199  21:39  Nuke  
  199  21:40  Nuke x3  
  199  21:46  Planetary Fortress  
  199  21:53  Sensor Tower, Nuke  
  199  22:10  Planetary Fortress  
  199  22:16  Missile Turret  
  199  22:17  Missile Turret  
  199  22:18  Missile Turret x2  
  199  22:35  Refinery  
  199  22:36  Refinery  
  199  22:42  Sensor Tower  
  199  23:03  Nuke  
  197  23:17  Ghost  
  197  24:01  Command Center  
  195  24:03  Ghost x2  
  199  24:12  Nuke x4  
  199  24:16  Terran Vehicle And Ship Armor Level 2  
  199  24:19  Terran Ship Weapons Level 3  
  199  24:56  Planetary Fortress  
  199  25:04  Nuke  
  199  25:09  Missile Turret  
  199  25:22  Missile Turret  
  199  25:24  Missile Turret  
  199  25:25  Missile Turret x2  
  177  26:28  Command Center  
  177  26:30  Command Center  
  177  26:34  Command Center  
  177  26:35  Command Center  
  169  26:50  Nuke  
  169  26:51  Nuke  
  168  27:02  Ghost x3  
  168  27:03  Refinery  
  174  27:09  Viking x5  
  174  27:30  Ghost x2  
  174  27:37  Marine x11  
  170  27:39  Medivac x3  
  170  27:41  Liberator x2  
  187  27:48  Orbital Command  
  187  27:49  Orbital Command  
  187  27:52  Planetary Fortress  
  187  27:53  Planetary Fortress x2  
  187  27:54  Marine  
  187  27:55  Marine x2  
  196  28:11  Refinery  
  196  28:15  Refinery  
  196  28:20  Ghost x2  
  195  28:57  Missile Turret  
  195  28:58  Missile Turret  
  195  28:59  Missile Turret  
  195  29:00  Missile Turret  
  195  29:01  Missile Turret  
  192  29:16  Command Center, Nuke x3  
  192  29:17  Command Center  
  192  29:18  Terran Vehicle And Ship Armor Level 3  
  186  30:13  Nuke x2  
  184  30:41  Orbital Command  
  183  30:44  Orbital Command  
  183  31:02  Missile Turret x2  
  183  31:03  Missile Turret  
  181  31:26  Liberator x5  
  162  31:42  Ghost x3  
  175  31:56  Marine x8  
  175  32:00  Thor  
  175  32:01  Thor  
  195  32:10  Ghost x2  
  195  32:13  Missile Turret x2  
  195  32:14  Missile Turret  
  195  32:16  Missile Turret  
  192  32:26  Viking  
  189  32:39  Ghost  
  191  32:59  Viking x2  
  195  33:09  Command Center  
  195  33:10  Missile Turret x2  
  195  33:11  Missile Turret x3  
  195  33:13  Missile Turret x2  
  195  33:15  Missile Turret  
  192  33:31  Nuke x2  
  192  33:32  Nuke  
  192  33:33  Advanced Ballistics  
  175  34:22  Ghost x3  
  175  34:27  Nuke x2  
  173  34:51  Ghost  
  173  34:54  Ghost x2, Marine  
  173  34:55  Marine  
  153  35:00  Thor x2  
  153  35:06  Nuke x2  
  153  35:07  Nuke  
  157  35:20  Viking x5  
  158  35:43  Thor x2  
  170  35:50  Viking  
  166  36:26  Viking x4, Thor  
  166  36:27  Viking  
  181  36:44  Orbital Command  
  181  36:56  Viking  
  181  37:01  Viking x2  
  187  37:16  Command Center  
  187  37:45  Planetary Fortress  
  170  38:24  Command Center  
  163  38:35  Marine x13  
  164  38:44  Liberator  
  164  38:47  Planetary Fortress  
  164  38:53  Missile Turret, Marine x3  
  164  38:54  Missile Turret x2  
  167  38:57  Refinery  
  167  38:58  Orbital Command  
  170  39:07  Refinery  
  165  39:53  Orbital Command  
  163  40:18  Ghost x2  
  163  40:19  Ghost  
  169  40:23  Marine x10  
  179  40:41  Marine x5  
  184  40:47  Ghost  
  161  41:05  Ghost x2  
  131  41:15  Ghost  
  133  41:24  Marine  
  133  41:25  Marine x9  
  136  41:34  Marine x2  
  138  41:42  Marine x3  
  138  41:43  Marine x7  
  138  41:44  Marine  
  149  41:52  Marine x2  
  151  42:00  Marine x2  
  116  42:10  Marine  
  116  42:11  Marine x10  
  116  42:12  Viking x5  
  119  42:18  Marine x2  
  121  42:28  Marine  
  122  42:42  Viking  
  118  44:18  Marine  
  78  44:32  Marine x12  
  78  44:36  Marine  
  63  44:43  Viking  
  63  44:44  Viking  
  31  45:01  Orbital Command  
  31  45:04  Marine x9  
  31  45:05  Marine x4  
Show
View Real Time Build Order
Export as new Build Order

TheBeast Zerg - Winner!

Build Orders: Hatch First 

Get SALT Encoding   

  12  0:01  Drone  
  13  0:13  Overlord  
  13  0:18  Drone  
  14  0:31  Drone x2  
  14  0:35  Drone  
  17  0:54  Hatchery  
  16  0:59  Drone  
  16  1:01  Drone  
  18  1:12  Extractor  
  18  1:16  Spawning Pool  
  18  1:18  Drone  
  17  1:22  Drone  
  18  1:30  Drone  
  19  1:45  Overlord  
  19  1:51  Drone  
  20  2:03  Queen  
  20  2:04  Zergling x2  
  20  2:06  Queen  
  20  2:07  Zergling x2  
  26  2:13  Metabolic Boost  
  26  2:14  Drone  
  27  2:18  Drone  
  27  2:22  Drone  
  29  2:30  Drone  
  30  2:42  Drone, Queen  
  32  2:49  Overlord  
  32  2:50  Queen  
  34  3:00  Drone  
  35  3:11  Overlord, Drone x2  
  35  3:12  Drone x2  
  39  3:18  Drone x3  
  41  3:32  Hatchery  
  41  3:33  Zergling x4  
  41  3:34  Zergling x2  
  43  3:51  Overlord  
  43  3:54  Drone  
  45  3:55  Drone  
  45  3:56  Drone  
  45  3:58  Zergling x8  
  50  4:07  Overlord  
  50  4:12  Overlord  
  50  4:13  Zergling x6  
  50  4:15  Queen  
  55  4:22  Overlord  
  55  4:30  Zergling x6  
  58  4:37  Overlord  
  58  4:39  Drone x4  
  62  4:55  Drone x4  
  66  5:04  Queen  
  66  5:05  Drone x3  
  71  5:10  Lair  
  71  5:12  Baneling Nest  
  70  5:15  Overlord  
  70  5:17  Drone x6  
  76  5:24  Overlord  
  76  5:27  Drone x2, Hatchery  
  77  5:33  Overlord  
  77  5:34  Drone x4  
  77  5:35  Drone x2  
  83  5:39  Pneumatized Carapace  
  83  5:43  Extractor x2  
  83  5:44  Extractor  
  83  5:46  Extractor  
  83  5:47  Extractor  
  77  5:53  Zergling x8  
  81  5:59  Roach Warren  
  81  6:01  Drone  
  81  6:09  Zergling x6  
  81  6:10  Zergling x18  
  82  6:24  Zergling x6  
  80  6:28  Drone  
  80  6:29  Drone  
  72  6:35  Queen  
  74  6:40  Centrifical Hooks  
  74  6:42  Overlord  
  74  6:43  Hydralisk Den  
  73  6:47  Drone x8  
  73  6:53  Evolution Chamber  
  80  6:54  Evolution Chamber  
  80  6:56  Drone  
  80  6:57  Drone x2  
  82  7:01  Drone x3  
  82  7:02  Drone  
  86  7:14  Grooved Spines  
  86  7:15  Drone x8  
  94  7:24  Overlord  
  94  7:27  Overlord  
  94  7:31  Zerg Ground Armor Level 1, Zerg Melee Weapons Level 1  
  94  7:32  Zergling x10  
  94  7:34  Overlord  
  99  7:37  Zergling x4  
  99  7:38  Zergling x2  
  102  7:47  Overlord  
  102  7:49  Zergling x2  
  102  7:50  Zergling x10  
  108  7:51  Baneling x9  
  108  7:52  Baneling x4  
  108  7:54  Drone x2  
  108  7:55  Drone x2  
  108  7:56  Drone x2  
  114  8:09  Zergling x2  
  114  8:10  Zergling x18  
  124  8:20  Overlord, Hydralisk  
  124  8:21  Hydralisk x3, Spore Crawler  
  124  8:25  Hydralisk, Muscular Augments  
  133  8:27  Overlord  
  133  8:33  Overlord  
  130  8:36  Hydralisk x2  
  130  8:37  Hydralisk  
  130  8:39  Extractor  
  130  8:41  Extractor  
  134  8:51  Overlord, Hatchery  
  134  8:54  Drone x3  
  134  8:55  Drone x4  
  140  8:58  Overlord  
  140  8:59  Hydralisk x4  
  140  9:01  Overlord  
  146  9:14  Overlord  
  146  9:15  Zergling x2  
  146  9:16  Zergling x28  
  157  9:26  Zergling x4  
  157  9:27  Zergling x6  
  157  9:29  Baneling x4  
  159  9:35  Zergling x2  
  159  9:36  Zergling x16  
  168  9:38  Zerg Ground Armor Level 2, Zerg Melee Weapons Level 2  
  168  9:42  Queen  
  168  9:44  Zergling x6  
  173  9:48  Hatchery  
  173  9:49  Baneling x3  
  173  9:51  Baneling x6  
  172  9:54  Hydralisk x3  
  172  9:55  Hydralisk  
  172  9:57  Overlord  
  176  10:00  Queen  
  178  10:09  Hydralisk x2  
  178  10:10  Zergling x6, Hydralisk  
  187  10:23  Infestation Pit, Overlord  
  187  10:24  Zergling x4  
  187  10:25  Zergling x18  
  197  10:35  Overlord x3  
  194  10:39  Hydralisk  
  194  10:40  Zergling x4  
  198  10:51  Overlord  
  157  11:04  Zergling x2  
  157  11:05  Zergling x30  
  157  11:10  Zergling x6  
  155  11:14  Zergling x6  
  155  11:17  Hydralisk x2  
  155  11:18  Zergling x4  
  139  11:22  Zergling x2  
  139  11:23  Zergling x2  
  131  11:27  Hydralisk x3  
  131  11:28  Zergling x4  
  134  11:37  Hive  
  130  11:42  Hydralisk x4  
  130  11:44  Zergling x2  
  130  11:45  Zergling x14  
  146  11:51  Baneling x6  
  146  11:52  Baneling  
  146  12:02  Hydralisk  
  146  12:03  Hydralisk x4  
  146  12:05  Zergling x10  
  161  12:13  Overlord  
  161  12:18  Zergling x12  
  161  12:19  Zergling x2  
  168  12:23  Queen  
  168  12:26  Queen  
  172  12:38  Overlord  
  172  12:39  Zergling x4  
  172  12:40  Zergling x16  
  172  12:41  Baneling x5  
  172  12:42  Baneling x13  
  182  12:48  Hydralisk  
  182  12:49  Zergling x4, Hydralisk x2  
  183  12:55  Zergling x4, Hydralisk  
  181  13:01  Baneling x10  
  178  13:06  Zergling x6, Hydralisk x2  
  178  13:11  Hydralisk  
  178  13:12  Zergling x8  
  187  13:17  Hydralisk  
  187  13:18  Zergling x8  
  191  13:23  Zergling x4  
  189  13:27  Adrenal Glands  
  189  13:28  Zergling x2  
  189  13:29  Zergling x2  
  169  13:38  Zergling x16  
  155  13:44  Zergling x10  
  155  13:46  Zerg Melee Weapons Level 3  
  137  14:07  Zergling x2  
  137  14:08  Zergling x20  
  141  14:13  Zergling x4  
  141  14:16  Zergling x4  
  138  14:20  Hydralisk x2, Baneling x10  
  138  14:21  Zergling x4  
  139  14:31  Zergling x6, Hydralisk x2  
  135  14:35  Zergling x2  
  128  14:44  Hydralisk x4  
  119  14:46  Baneling  
  119  14:47  Baneling x7  
  119  14:51  Spire, Zerg Ground Armor Level 3  
  118  14:57  Queen x2  
  122  15:00  Baneling x2  
  122  15:01  Baneling x13  
  122  15:09  Hydralisk x3  
  122  15:11  Zergling x6  
  122  15:12  Zergling x2  
  132  15:20  Queen  
  134  15:32  Overlord  
  134  15:33  Hydralisk x4  
  142  15:56  Hatchery  
  141  15:59  Viper  
  141  16:00  Viper x2  
  150  16:07  Corruptor x7  
  164  16:15  Zergling x14  
  164  16:28  Zerg Missile Weapons Level 1  
  164  16:29  Greater Spire  
  164  16:37  Overlord  
  164  16:38  Zergling x12  
  164  16:39  Corruptor  
  170  16:40  Corruptor x2  
  166  16:55  Overlord  
  166  17:01  Overlord  
  166  17:05  Drone x8  
  174  17:13  Overlord, Corruptor  
  174  17:14  Corruptor x4  
  184  17:29  Evolution Chamber  
  183  17:30  Evolution Chamber, Overlord  
  183  17:32  Corruptor x4  
  183  17:36  Baneling x7  
  190  17:42  Pathogen Glands  
  190  17:50  Overseer  
  190  17:56  Overseer  
  190  18:01  Brood Lord x5  
  200  18:32  Baneling x9  
  200  18:33  Baneling x4  
  200  18:39  Neural Parasite  
  200  18:45  Extractor  
  200  18:46  Hatchery, Extractor  
  200  18:47  Extractor  
  196  18:50  Hatchery  
  195  18:56  Zerg Missile Weapons Level 2, Spore Crawler x2  
  195  18:57  Spore Crawler  
  195  18:58  Zerg Flyer Armor Level 1  
  195  18:59  Spore Crawler  
  195  19:00  Spore Crawler x2  
  195  19:01  Spore Crawler  
  188  19:04  Spire  
  185  19:30  Spore Crawler  
  184  19:31  Drone x6  
  184  19:32  Drone x6  
  184  19:38  Extractor  
  195  19:56  Spore Crawler  
  195  19:57  Spore Crawler  
  193  20:00  Spore Crawler  
  192  20:20  Spore Crawler x2  
  192  20:21  Spore Crawler  
  189  20:25  Brood Lord x5  
  198  20:57  Spore Crawler x4  
  197  20:58  Spore Crawler  
  197  20:59  Spore Crawler  
  197  21:00  Spore Crawler  
  197  21:01  Spore Crawler x2  
  197  21:02  Spore Crawler  
  197  21:03  Spore Crawler  
  187  21:04  Spore Crawler  
  187  21:11  Spore Crawler x2  
  185  21:12  Spore Crawler x2  
  185  21:13  Spore Crawler  
  185  21:14  Drone x13  
  185  21:15  Drone x4  
  185  21:16  Drone  
  199  21:27  Zerg Flyer Armor Level 2  
  199  21:34  Zerg Flyer Weapons Level 1  
  199  21:42  Spore Crawler x2  
  199  21:43  Spore Crawler x2  
  195  21:48  Drone x3  
  198  22:06  Spine Crawler  
  198  22:07  Spore Crawler  
  196  22:09  Spore Crawler  
  196  22:11  Spore Crawler, Spine Crawler  
  196  22:14  Spine Crawler  
  196  22:15  Spore Crawler, Spine Crawler  
  190  22:19  Drone x9  
  199  22:39  Spine Crawler  
  198  23:07  Spine Crawler  
  197  23:14  Spore Crawler  
  197  23:17  Spore Crawler, Spine Crawler x2  
  197  23:19  Spine Crawler  
  166  23:32  Drone  
  166  23:33  Drone x5  
  172  23:40  Spine Crawler  
  171  23:46  Drone x5  
  171  23:47  Drone x3  
  179  23:49  Drone x2  
  179  23:50  Drone x2  
  179  23:53  Extractor x2  
  181  24:11  Drone  
  181  24:12  Drone  
  181  24:14  Overseer x6, Spore Crawler  
  181  24:16  Zergling x2  
  181  24:17  Zergling x30, Spore Crawler  
  172  24:18  Zergling x12, Spore Crawler, Spine Crawler x2  
  172  24:19  Spine Crawler  
  184  24:27  Drone x4  
  184  24:28  Drone x4  
  184  24:30  Zergling x16  
  200  24:34  Baneling  
  200  24:47  Spore Crawler  
  200  24:48  Spore Crawler  
  200  24:50  Spine Crawler  
  200  24:51  Baneling x21, Spine Crawler  
  200  24:52  Baneling x19  
  196  24:53  Spine Crawler  
  195  25:10  Drone x5  
  200  25:25  Spore Crawler x2  
  200  25:26  Spore Crawler  
  200  25:27  Spine Crawler  
  200  25:28  Spine Crawler  
  195  25:29  Spine Crawler  
  195  25:32  Spore Crawler x2  
  192  25:38  Spine Crawler  
  192  25:41  Spine Crawler  
  175  26:09  Brood Lord x9  
  163  26:21  Corruptor x4  
  163  26:24  Zergling x2  
  163  26:25  Zergling x46  
  167  26:30  Corruptor  
  165  27:02  Spore Crawler  
  164  27:16  Infestor x8  
  164  27:17  Infestor x6  
  185  27:41  Zerg Flyer Weapons Level 2  
  185  27:43  Zerg Flyer Armor Level 3  
  185  27:44  Infestor  
  185  27:45  Infestor x2  
  183  28:12  Infestor x4  
  189  28:14  Corruptor x4  
  189  28:18  Burrow  
  199  28:32  Spore Crawler  
  199  28:33  Spore Crawler  
  197  28:41  Corruptor  
  196  28:52  Overlord  
  194  28:58  Hatchery  
  194  29:02  Zerg Missile Weapons Level 3  
  193  29:24  Spine Crawler  
  192  29:32  Spore Crawler  
  192  29:33  Spine Crawler  
  192  29:34  Spore Crawler  
  192  29:35  Spore Crawler  
  192  29:36  Spore Crawler, Spine Crawler  
  192  29:37  Spore Crawler x2  
  184  29:38  Spore Crawler x2  
  184  29:40  Spore Crawler  
  184  29:41  Spore Crawler  
  184  29:43  Spore Crawler  
  184  29:44  Corruptor x9  
  184  29:45  Corruptor, Spore Crawler  
  198  30:00  Extractor  
  197  30:25  Baneling x3  
  197  30:26  Baneling x12  
  197  30:35  Brood Lord  
  199  30:40  Overlord  
  182  31:00  Brood Lord x9  
  185  31:51  Zergling x22  
  185  31:52  Zergling x10  
  199  32:08  Zergling x4  
  199  32:09  Queen x3  
  197  32:20  Brood Lord x2  
  197  32:21  Brood Lord  
  199  32:29  Extractor  
  197  32:33  Drone x2  
  199  33:07  Overseer  
  187  34:25  Drone x11  
  187  34:26  Drone x2  
  178  35:08  Corruptor x3  
  178  35:09  Corruptor x2  
  178  35:13  Drone x7  
  195  35:14  Extractor  
  195  35:16  Brood Lord x3  
  200  35:25  Infestor x13  
  200  35:26  Spore Crawler  
  200  35:27  Spore Crawler  
  198  35:29  Drone x3, Spore Crawler  
  198  35:30  Spine Crawler  
  198  35:34  Spore Crawler, Spine Crawler  
  193  36:35  Infestor x3  
  197  37:01  Spore Crawler  
  197  37:02  Spore Crawler, Spine Crawler  
  197  37:03  Spine Crawler  
  197  37:05  Infestor x3  
  197  37:07  Spine Crawler  
  198  37:33  Overlord  
  198  37:34  Overseer x2  
  198  37:35  Overseer x2  
  197  37:53  Spore Crawler x2  
  197  37:54  Spore Crawler x2  
  197  37:55  Spore Crawler  
  197  37:56  Spore Crawler  
  191  37:58  Spore Crawler  
  188  38:18  Zergling x24  
  200  38:26  Infestor x16  
  200  38:33  Spore Crawler x2  
  200  38:34  Spore Crawler, Spine Crawler  
  196  39:05  Hatchery  
  195  39:13  Baneling x13  
  195  39:14  Baneling x30  
  195  39:15  Drone x2  
  195  39:16  Drone x3  
  200  39:29  Spine Crawler  
  199  39:31  Spore Crawler  
  199  39:32  Spore Crawler, Spine Crawler  
  199  39:33  Spore Crawler  
  195  40:15  Hatchery  
  194  40:36  Infestor x17  
  170  41:24  Infestor x2  
  170  41:25  Infestor x12  
  153  42:16  Corruptor x4  
  153  42:17  Corruptor x6  
  173  42:34  Hatchery  
  173  42:35  Drone x2  
  174  42:52  Brood Lord x2  
  178  43:07  Brood Lord x9  
  178  43:09  Zergling x2  
  178  43:10  Zergling x6  
  200  43:25  Infestor x21  
  164  44:54  Zergling x2  
  164  44:55  Zergling x58  
  164  44:56  Zergling x12  
  164  44:58  Overseer  
Tags
 
Add a new tag
Caveats
  • Supply blocks, unpowered buildings, or Contaminate may cause inaccurate times.
  • Supply counts are checked every 10 seconds.